Map: Одиссея РВ

Players

ИИ 1 (ученик)

  • Race: Terran Terran
  • Spawn Location: 11:00

Doll - Winner!

  • Race: Zerg Zerg
  • Spawn Location: 5:00

VOD

Have the link to the VOD?

Description

Time

  • Played on: Sept. 16, 2022, 10:09 a.m.
  • Length: 6:12
Show
View Real Time Build Order
Export as new Build Order

ИИ 1 (ученик) Terran 

Build Orders: 2 Factory 

Get SALT Encoding   

  12  0:00  SCV  
  13  0:13  SCV  
  14  0:18  Supply Depot  
  14  0:25  SCV  
  15  0:39  SCV  
  16  0:45  Barracks  
  16  0:46  Refinery  
  16  0:51  SCV  
  16  0:55  Refinery  
  17  1:03  SCV  
  18  1:15  SCV  
  19  1:32  Reaper  
  20  1:33  Orbital Command  
  20  1:35  Supply Depot  
  20  1:49  Factory  
  20  1:58  SCV  
  21  2:04  Marine  
  22  2:10  SCV  
  23  2:22  SCV, Marine  
  25  2:34  Command Center  
  25  2:35  SCV  
  26  2:41  Factory Tech Lab  
  26  2:43  Barracks Reactor  
  26  2:47  SCV  
  27  2:56  Supply Depot  
  26  2:59  SCV  
  26  3:02  Cyclone  
  30  3:11  SCV  
  31  3:15  Starport  
  31  3:23  SCV, Factory  
  32  3:34  Siege Tank  
  32  3:35  SCV  
  36  3:47  SCV  
  36  3:48  SCV  
  38  3:59  SCV  
  38  4:01  Bunker, Orbital Command  
  39  4:07  Refinery  
  39  4:11  SCV, Supply Depot, Marine  
  39  4:14  Marine  
  35  4:28  Viking  
  35  4:29  Marine  
  34  4:32  Marine  
  21  4:46  SCV  
  21  4:47  Reaper  
  21  4:50  Marine  
  18  4:53  SCV  
  18  4:58  SCV  
  18  5:05  SCV  
  17  5:10  SCV  
  17  5:17  SCV  
  17  5:22  SCV  
  18  5:29  SCV  
  18  5:34  Marine  
  20  5:41  SCV  
  20  5:45  Marine  
  21  5:52  Marine  
  21  5:53  SCV  
Show
View Real Time Build Order
Export as new Build Order

Doll Zerg - Winner!

Build Orders: Pool First 

Get SALT Encoding   

  12  0:00  Drone  
  13  0:13  Overlord  
  13  0:17  Drone  
  14  0:33  Drone x2  
  16  0:36  Extractor  
  16  0:39  Drone  
  16  0:50  Spawning Pool  
  16  0:51  Drone  
  16  0:57  Drone  
  17  1:07  Drone  
  18  1:16  Extractor  
  17  1:20  Drone  
  18  1:29  Drone  
  19  1:37  Queen  
  21  1:42  Zergling x2  
  22  1:47  Roach Warren  
  22  1:51  Zergling x2  
  22  2:03  Overlord  
  22  2:14  Overlord  
  22  2:25  Drone  
  23  2:35  Roach  
  25  2:40  Queen  
  27  2:45  Roach  
  29  2:51  Roach x2  
  29  2:52  Roach  
  35  3:02  Roach  
  37  3:11  Overlord  
  37  3:31  Hatchery  
  36  3:42  Drone x2  
  36  3:43  Drone  
  36  3:47  Drone  
  40  3:51  Drone  
  41  3:58  Drone  
  42  4:06  Drone x2  
  42  4:07  Drone  
  45  4:17  Lair  
  43  4:28  Roach  
  43  4:30  Roach  
  45  4:33  Overlord  
  45  4:37  Overlord  
  45  4:44  Drone x2  
  47  4:46  Drone  
Tags
 
Add a new tag
Caveats
  • Supply blocks, unpowered buildings, or Contaminate may cause inaccurate times.
  • Supply counts are checked every 10 seconds.